| Goals | Penalties |
1. Avalanche , Will Cuylle 2 (Brayden Schenn 10) at 12:07
2. Avalanche , Adam Henrique 9 (Anthony Beauvillier 5, Nino Niederreiter 8) at 14:00
3. Whalers , David Perron 10 (Vladimir Tarasenko 8, Jack McBain 9) at 17:40
|
Adam Edstrom (COL) for Delaying the game (Minor) at 6:15 Anthony Beauvillier (COL) for High sticking (Minor) at 14:22
|
4. Whalers , David Perron 11 (Vladimir Tarasenko 9, Justin Faulk 4) at 0:12
5. Avalanche , Quinton Byfield 7 (Brayden Point 12, Vladislav Gavrikov 6) at 1:22
6. Whalers , Oskar Sundqvist 3 (Sean Walker 2, Collin Graf 4) at 9:40
|
Sean Walker (HAR) for Hooking (Minor) at 2:44
|
7. Whalers , Adam Gaudette 3 (Max Pacioretty 4, Simon Benoit 2) at 2:13
8. Whalers , Vladimir Tarasenko 5 (Owen Power 5) at 4:21
|
Simon Benoit (HAR) for Elbowing (Minor) at 5:24 Nino Niederreiter (COL) for Cross-checking (Minor) at 7:32 Max Pacioretty (HAR) for Tripping (Minor) at 16:03
|
|
Jake Allen (HAR), 32 saves from 35 shots - (0,914), W, 4-1-1, 60:00 minutes
Thatcher Demko (COL), 30 saves from 35 shots - (0,857), L, 5-3-2, 60:00 minutes
|
|
1 - Vladimir Tarasenko (HAR)
2 - David Perron (HAR)
3 - Owen Power (HAR)
|
Referees : Ben O'Quinn and Kendrick Nicholson
Linesman : Tyson Baker and Kyle Larson
|
|
| No Game Note
|
|
Level 1 -- Attendance: 6000 (100,00%) -- Ticket Income $600,000
Level 2 -- Attendance: 3867 (77,34%) -- Ticket Income $270,690
Level 3 -- Attendance: 1217 (60,85%) -- Ticket Income $60,850
Level 4 -- Attendance: 1980 (49,50%) -- Ticket Income $79,200
Luxury Box -- Attendance: 936 (93,60%) -- Ticket Income $149,760
Game was played at the Pepsi Center.
Total Attendance: 14000 (77,78%)
Total Ticket Income: $1,160,500
Other Income: $568,645
Total Income: $1,729,145
|
Whalers
| 5 vs 5 Forward |
|---|
| Line # | Left Wing | Center | Right Wing | PHY | DF | OF | Wanted % | Time % | Time Play |
| 1 | Pavel Dorofeyev | Shane Pinto | Mackie Samoskevich | 0 | 2 | 3 | 36 | 32% | 15:19
|
| 2 | David Perron | Jack McBain | Vladimir Tarasenko | 0 | 2 | 3 | 33 | 25% | 11:56
|
| 3 | Max Pacioretty | Josh Doan | Adam Gaudette | 1 | 2 | 2 | 25 | 25% | 12:05
|
| 4 | John Beecher | Oskar Sundqvist | Collin Graf | 1 | 2 | 2 | 6 | 18% | 8:46
|
| 5 vs 5 Defense |
|---|
| Line # | Defense | Defense | | PHY | DF | OF | Wanted % | Time % | Time Play |
| 1 | Justin Faulk | Simon Benoit | | 1 | 2 | 2 | 36 | 35% | 17:02
|
| 2 | Adam Pelech | Owen Power | | 1 | 2 | 2 | 36 | 34% | 16:30
|
| 3 | Scott Mayfield | Sean Walker | | 1 | 2 | 2 | 28 | 29% | 14:11
|
| 4 | Simon Benoit | Justin Faulk | | 1 | 2 | 2 | 0 | 1% | 0:23
|
| Power Play Forward |
|---|
| Line # | Left Wing | Center | Right Wing | PHY | DF | OF | Wanted % | Time % | Time Play |
| 1 | Pavel Dorofeyev | Shane Pinto | Mackie Samoskevich | 0 | 1 | 4 | 55 | 52% | 3:05
|
| 2 | David Perron | Jack McBain | Vladimir Tarasenko | 0 | 1 | 4 | 45 | 48% | 2:52
|
| Power Play Defense |
|---|
| Line # | Defense | Defense | | PHY | DF | OF | Wanted % | Time % | Time Play |
| 1 | Justin Faulk | Owen Power | | 0 | 2 | 3 | 60 | 64% | 3:48
|
| 2 | Simon Benoit | Adam Pelech | | 1 | 2 | 2 | 40 | 36% | 2:09
|
| Penalty Kill 4 Players Forward |
|---|
| Line # | Center | Wing | PHY | DF | OF | Wanted % | Time % | Time Play |
| 1 | John Beecher | Collin Graf | 1 | 3 | 1 | 50 | 52% | 3:07
|
| 2 | Jack McBain | Oskar Sundqvist | 1 | 3 | 1 | 50 | 48% | 2:50
|
| Penalty Kill 4 Players Defense |
|---|
| Line # | Defense | Defense | PHY | DF | OF | Wanted % | Time % | Time Play |
| 1 | Simon Benoit | Adam Pelech | 1 | 2 | 2 | 55 | 68% | 4:04
|
| 2 | Scott Mayfield | Justin Faulk | 1 | 2 | 2 | 45 | 32% | 1:53
|
| Penalty Kill 3 Players |
|---|
| Line # | Wing | PHY | DF | OF | Wanted % | Time % | Time Play | Defense | Defense | PHY | DF | OF | Wanted % | Time % | Time Play |
| 1 | John Beecher | 1 | 3 | 1 | 50 | 0% | 0:00
| Simon Benoit | Adam Pelech | 1 | 2 | 2 | 55 | 0% | 0:00
|
| 2 | Oskar Sundqvist | 1 | 3 | 1 | 50 | 0% | 0:00
| Scott Mayfield | Justin Faulk | 1 | 2 | 2 | 45 | 0% | 0:00
|
| 4 vs 4 Forward |
|---|
| Line # | Center | Wing | PHY | DF | OF | Wanted % | Time % | Time Play |
| 1 | Jack McBain | Mackie Samoskevich | 1 | 2 | 2 | 60 | 0% | 0:00
|
| 2 | Shane Pinto | Pavel Dorofeyev | 1 | 2 | 2 | 40 | 0% | 0:00
|
| 4 vs 4 Defense |
|---|
| Line # | Defense | | PHY | DF | OF | Wanted % | Time % | Time Play |
| 1 | Justin Faulk | Adam Pelech | 1 | 2 | 2 | 60 | 0% | 0:00
|
| 2 | Simon Benoit | Owen Power | 1 | 2 | 2 | 40 | 0% | 0:00
|
| Last Minutes Offensive |
|---|
| Left Wing | Center | Right Wing | Defense | Defense |
| Pavel Dorofeyev | Shane Pinto | Vladimir Tarasenko | Justin Faulk | Adam Pelech |
| Last Minutes Defensive |
|---|
| Left Wing | Center | Right Wing | Defense | Defense |
| Pavel Dorofeyev | Shane Pinto | Vladimir Tarasenko | Justin Faulk | Adam Pelech |
| Time |
|---|
| Total Forward | Total Defense | Last Minutes Offensive | Last Minutes Defensive |
| 60:00 |
60:00 |
0:00 | 0:00 |
| Extra Forwards |
|---|
| Normal | PowerPlay | Penalty Kill |
|
David Perron, Max Pacioretty, Oskar Sundqvist | Mackie Samoskevich, David Perron | Oskar Sundqvist |
| Extra Defensemen |
|---|
| Normal | PowerPlay | Penalty Kill |
|
Sean Walker, Scott Mayfield, Owen Power | Sean Walker, Scott Mayfield | Simon Benoit |
| Penalty Shots |
|---|
|
Owen Power, David Perron, Vladimir Tarasenko, Max Pacioretty, Pavel Dorofeyev |
| Goalie |
|---|
| Jake Allen, Spencer Knight |
| Custom OT Lines Forwards |
|---|
|
Shane Pinto, Pavel Dorofeyev, Mackie Samoskevich, Collin Graf, Jack McBain, David Perron, Vladimir Tarasenko, Josh Doan, Oskar Sundqvist, Max Pacioretty |
| Custom OT Lines Defensemen |
|---|
|
Justin Faulk, Simon Benoit, Owen Power, Adam Pelech, Sean Walker |
| Scratches |
|---|
|
Ty Dellandrea (Healthy), Ryan Lomberg (Healthy), Marat Khusnutdinov (Healthy) |
Avalanche
| 5 vs 5 Forward |
|---|
| Line # | Left Wing | Center | Right Wing | PHY | DF | OF | Wanted % | Time % | Time Play |
| 1 | Ivan Barbashev | Brayden Point | Quinton Byfield | 0 | 2 | 3 | 34 | 31% | 14:58
|
| 2 | Will Cuylle | Brayden Schenn | Dmitri Voronkov | 0 | 2 | 3 | 30 | 25% | 11:48
|
| 3 | Nino Niederreiter | Adam Henrique | Anthony Beauvillier | 0 | 3 | 2 | 28 | 25% | 12:15
|
| 4 | Adam Edstrom | Jason Dickinson | Alexey Toropchenko | 0 | 3 | 2 | 8 | 19% | 9:05
|
| 5 vs 5 Defense |
|---|
| Line # | Defense | Defense | | PHY | DF | OF | Wanted % | Time % | Time Play |
| 1 | Gustav Forsling | Vladislav Gavrikov | | 0 | 3 | 2 | 32 | 32% | 15:18
|
| 2 | Ryan McDonagh | Sean Durzi | | 0 | 3 | 2 | 32 | 33% | 15:50
|
| 3 | Matt Roy | Samuel Girard | | 0 | 3 | 2 | 28 | 30% | 14:13
|
| 4 | Matt Roy | Samuel Girard | | 0 | 3 | 2 | 8 | 6% | 2:45
|
| Power Play Forward |
|---|
| Line # | Left Wing | Center | Right Wing | PHY | DF | OF | Wanted % | Time % | Time Play |
| 1 | Ivan Barbashev | Brayden Point | Dmitri Voronkov | 0 | 1 | 4 | 55 | 54% | 3:11
|
| 2 | Will Cuylle | Brayden Schenn | Quinton Byfield | 0 | 1 | 4 | 45 | 46% | 2:46
|
| Power Play Defense |
|---|
| Line # | Defense | Defense | | PHY | DF | OF | Wanted % | Time % | Time Play |
| 1 | Gustav Forsling | Ryan McDonagh | | 0 | 2 | 3 | 55 | 68% | 4:01
|
| 2 | Sean Durzi | Vladislav Gavrikov | | 0 | 2 | 3 | 45 | 32% | 1:56
|
| Penalty Kill 4 Players Forward |
|---|
| Line # | Center | Wing | PHY | DF | OF | Wanted % | Time % | Time Play |
| 1 | Jason Dickinson | Adam Henrique | 0 | 4 | 1 | 55 | 62% | 3:43
|
| 2 | Brayden Schenn | Will Cuylle | 0 | 4 | 1 | 45 | 38% | 2:14
|
| Penalty Kill 4 Players Defense |
|---|
| Line # | Defense | Defense | PHY | DF | OF | Wanted % | Time % | Time Play |
| 1 | Gustav Forsling | Ryan McDonagh | 0 | 5 | 0 | 55 | 48% | 2:51
|
| 2 | Vladislav Gavrikov | Matt Roy | 0 | 5 | 0 | 45 | 52% | 3:06
|
| Penalty Kill 3 Players |
|---|
| Line # | Wing | PHY | DF | OF | Wanted % | Time % | Time Play | Defense | Defense | PHY | DF | OF | Wanted % | Time % | Time Play |
| 1 | Jason Dickinson | 0 | 5 | 0 | 55 | 0% | 0:00
| Gustav Forsling | Vladislav Gavrikov | 0 | 5 | 0 | 55 | 0% | 0:00
|
| 2 | Adam Henrique | 0 | 5 | 0 | 45 | 0% | 0:00
| Ryan McDonagh | Matt Roy | 0 | 5 | 0 | 45 | 0% | 0:00
|
| 4 vs 4 Forward |
|---|
| Line # | Center | Wing | PHY | DF | OF | Wanted % | Time % | Time Play |
| 1 | Adam Henrique | Brayden Point | 0 | 2 | 3 | 55 | 0% | 0:00
|
| 2 | Brayden Schenn | Will Cuylle | 0 | 3 | 2 | 45 | 0% | 0:00
|
| 4 vs 4 Defense |
|---|
| Line # | Defense | | PHY | DF | OF | Wanted % | Time % | Time Play |
| 1 | Vladislav Gavrikov | Gustav Forsling | 0 | 3 | 2 | 55 | 0% | 0:00
|
| 2 | Ryan McDonagh | Matt Roy | 0 | 3 | 2 | 45 | 0% | 0:00
|
| Last Minutes Offensive |
|---|
| Left Wing | Center | Right Wing | Defense | Defense |
| Will Cuylle | Brayden Point | Quinton Byfield | Gustav Forsling | Ryan McDonagh |
| Last Minutes Defensive |
|---|
| Left Wing | Center | Right Wing | Defense | Defense |
| Jason Dickinson | Adam Henrique | Quinton Byfield | Gustav Forsling | Ryan McDonagh |
| Time |
|---|
| Total Forward | Total Defense | Last Minutes Offensive | Last Minutes Defensive |
| 60:00 |
60:00 |
0:00 | 0:00 |
| Extra Forwards |
|---|
| Normal | PowerPlay | Penalty Kill |
|
Brayden Schenn, Quinton Byfield, Ivan Barbashev | Dmitri Voronkov, Quinton Byfield | Will Cuylle |
| Extra Defensemen |
|---|
| Normal | PowerPlay | Penalty Kill |
|
Samuel Girard, Matt Roy, Vladislav Gavrikov | Samuel Girard, Matt Roy | Samuel Girard |
| Penalty Shots |
|---|
|
Brayden Point, Anthony Beauvillier, Brayden Schenn, Quinton Byfield, Will Cuylle |
| Goalie |
|---|
| Thatcher Demko, Arvid Soderblom |
| Custom OT Lines Forwards |
|---|
|
Brayden Point, Dmitri Voronkov, Quinton Byfield, Ivan Barbashev, Brayden Schenn, Will Cuylle, Adam Henrique, Nino Niederreiter, Jason Dickinson, Anthony Beauvillier |
| Custom OT Lines Defensemen |
|---|
|
Gustav Forsling, Ryan McDonagh, Vladislav Gavrikov, Matt Roy, Samuel Girard |
| Scratches |
|---|
|
Elmer Soderblom (Healthy), Justin Brazeau (Healthy) |
Play-by-Play
1st period
0:01 of 1st period - Shane Pinto wins face-off versus Brayden Point in neutral zone.
0:06 of 1st period - Quinton Byfield is hit by Mackie Samoskevich and loses puck.
0:34 of 1st period - Wrist shot by Will Cuylle.
0:34 of 1st period - Shot Misses the Net.
0:36 of 1st period - Slapshot by Sean Durzi.
0:36 of 1st period - Shot Blocked by Justin Faulk.
1:51 of 1st period - Snap shot by Brayden Schenn.
1:51 of 1st period - Shot Blocked by Vladimir Tarasenko.
2:58 of 1st period - Snap shot by Shane Pinto.
2:58 of 1st period - Stopped by Thatcher Demko with a rebound.
3:00 of 1st period - Slapshot by Shane Pinto.
3:00 of 1st period - Shot Blocked by Vladislav Gavrikov.
3:02 of 1st period - Slapshot by Scott Mayfield.
3:02 of 1st period - Deflect By Gustav Forsling.
3:02 of 1st period - Stopped by Thatcher Demko with a rebound.
3:04 of 1st period - Backhand shot by Scott Mayfield.
3:04 of 1st period - Stopped by Thatcher Demko with a rebound.
3:18 of 1st period - Snap shot by Jason Dickinson.
3:18 of 1st period - Deflect By Simon Benoit.
3:18 of 1st period - Shot Hit the Post.
3:18 of 1st period - Puck is out of play.
3:19 of 1st period - Jason Dickinson wins face-off versus Jack McBain in Whalers zone.
4:10 of 1st period - Snap shot by Nino Niederreiter.
4:10 of 1st period - Stopped by Jake Allen without a rebound.
4:11 of 1st period - Adam Henrique wins face-off versus Shane Pinto in Whalers zone.
5:07 of 1st period - Samuel Girard is hit by Josh Doan.
5:35 of 1st period - Snap shot by Pavel Dorofeyev.
5:35 of 1st period - Stopped by Thatcher Demko without a rebound.
5:36 of 1st period - Jason Dickinson wins face-off versus Shane Pinto in Avalanche zone.
5:51 of 1st period - Wrist shot by Adam Edstrom.
5:51 of 1st period - Stopped by Jake Allen with a rebound.
6:01 of 1st period - Snap shot by Shane Pinto.
6:01 of 1st period - Stopped by Thatcher Demko with a rebound.
6:13 of 1st period - Wrist shot by Pavel Dorofeyev.
6:13 of 1st period - Shot Blocked by Sean Durzi.
6:15 of 1st period - Minor Penalty to Adam Edstrom for Delaying the game.
6:16 of 1st period - Jason Dickinson wins face-off versus Vladimir Tarasenko in Avalanche zone.
6:39 of 1st period - Justin Faulk is hit by Gustav Forsling and loses puck.
7:26 of 1st period - Adam Henrique is hit by Owen Power and loses puck.
8:15 of 1st period - Penalty to Adam Edstrom is over, Adam Edstrom is back on ice.
8:21 of 1st period - Snap shot by Will Cuylle.
8:21 of 1st period - Stopped by Jake Allen without a rebound.
8:22 of 1st period - Brayden Point wins face-off versus Oskar Sundqvist in Whalers zone.
8:56 of 1st period - Ryan McDonagh is hit by John Beecher.
9:20 of 1st period - Adam Pelech is hit by Ivan Barbashev and loses puck.
9:39 of 1st period - Wrist shot by Collin Graf.
9:39 of 1st period - Shot Misses the Net.
10:31 of 1st period - Wrist shot by Brayden Point.
10:31 of 1st period - Stopped by Jake Allen with a rebound.
10:39 of 1st period - Snap shot by Brayden Point.
10:39 of 1st period - Stopped by Jake Allen with a rebound.
10:41 of 1st period - Snap shot by Vladislav Gavrikov.
10:41 of 1st period - Shot Blocked by Simon Benoit.
11:05 of 1st period - Wrist shot by Brayden Point.
11:05 of 1st period - Stopped by Jake Allen with a rebound.
11:07 of 1st period - Slapshot by Vladislav Gavrikov.
11:07 of 1st period - Deflect By John Beecher.
11:07 of 1st period - Stopped by Jake Allen without a rebound.
11:08 of 1st period - Brayden Schenn wins face-off versus Jack McBain in Whalers zone.
11:11 of 1st period - Snap shot by Brayden Schenn.
11:11 of 1st period - Shot Blocked by Adam Pelech.
11:34 of 1st period - Nino Niederreiter is hit by Mackie Samoskevich and loses puck.
11:59 of 1st period - Snap shot by Jason Dickinson.
11:59 of 1st period - Shot Misses the Net.
12:01 of 1st period - Wrist shot by Alexey Toropchenko.
12:01 of 1st period - Shot Misses the Net.
12:03 of 1st period - Slapshot by Matt Roy.
12:03 of 1st period - Stopped by Jake Allen without a rebound.
12:04 of 1st period - Brayden Schenn wins face-off versus Jack McBain in Whalers zone.
12:07 of 1st period - Slapshot by Will Cuylle.
12:07 of 1st period - Goal by Will Cuylle - Whalers : 0 - Avalanche : 1.
12:08 of 1st period - Jack McBain wins face-off versus Brayden Schenn in neutral zone.
12:24 of 1st period - Slapshot by Vladimir Tarasenko.
12:24 of 1st period - Shot Misses the Net.
12:57 of 1st period - Snap shot by Adam Gaudette.
12:57 of 1st period - Stopped by Thatcher Demko without a rebound.
12:58 of 1st period - Jason Dickinson wins face-off versus Josh Doan in Avalanche zone.
13:09 of 1st period - Snap shot by Alexey Toropchenko.
13:09 of 1st period - Shot Blocked by Adam Pelech.
13:11 of 1st period - Wrist shot by Jason Dickinson.
13:11 of 1st period - Stopped by Jake Allen without a rebound.
13:12 of 1st period - Brayden Schenn wins face-off versus Jack McBain in Whalers zone.
13:23 of 1st period - Snap shot by Vladimir Tarasenko.
13:23 of 1st period - Shot Misses the Net.
13:52 of 1st period - Wrist shot by Will Cuylle.
13:52 of 1st period - Shot Misses the Net.
13:54 of 1st period - Snap shot by Brayden Schenn.
13:54 of 1st period - Stopped by Jake Allen without a rebound.
13:55 of 1st period - Adam Henrique wins face-off versus Jack McBain in Whalers zone.
13:58 of 1st period - Slapshot by Anthony Beauvillier.
13:58 of 1st period - Shot Misses the Net.
14:00 of 1st period - Slapshot by Adam Henrique.
14:00 of 1st period - Goal by Adam Henrique - Whalers : 0 - Avalanche : 2.
14:01 of 1st period - Adam Henrique wins face-off versus Jack McBain in neutral zone.
14:08 of 1st period - Wrist shot by Adam Henrique.
14:08 of 1st period - Stopped by Jake Allen with a rebound.
14:22 of 1st period - Minor Penalty to Anthony Beauvillier for High sticking.
14:23 of 1st period - Jason Dickinson wins face-off versus Shane Pinto in Avalanche zone.
14:36 of 1st period - Wrist shot by Pavel Dorofeyev.
14:36 of 1st period - Shot Blocked by Gustav Forsling.
16:22 of 1st period - Penalty to Anthony Beauvillier is over, Anthony Beauvillier is back on ice.
16:27 of 1st period - Slapshot by Adam Gaudette.
16:27 of 1st period - Stopped by Thatcher Demko without a rebound.
16:28 of 1st period - Brayden Point wins face-off versus Josh Doan in Avalanche zone.
17:03 of 1st period - Wrist shot by Oskar Sundqvist.
17:03 of 1st period - Stopped by Thatcher Demko without a rebound.
17:04 of 1st period - Brayden Schenn wins face-off versus Shane Pinto in Avalanche zone.
17:26 of 1st period - Icing by Pavel Dorofeyev.
17:27 of 1st period - Jack McBain wins face-off versus Brayden Point in Whalers zone.
17:40 of 1st period - Wrist shot by David Perron.
17:40 of 1st period - Goal by David Perron - Whalers : 1 - Avalanche : 2.
17:41 of 1st period - Anthony Beauvillier wins face-off versus Mackie Samoskevich in neutral zone.
17:46 of 1st period - Wrist shot by Nino Niederreiter.
17:46 of 1st period - Shot Misses the Net.
17:48 of 1st period - Snap shot by Nino Niederreiter.
17:48 of 1st period - Shot Misses the Net.
17:56 of 1st period - Wrist shot by Nino Niederreiter.
17:56 of 1st period - Stopped by Jake Allen with a rebound.
18:35 of 1st period - Wrist shot by David Perron.
18:35 of 1st period - Shot Misses the Net.
18:37 of 1st period - Wrist shot by Scott Mayfield.
18:37 of 1st period - Stopped by Thatcher Demko with a rebound.
18:39 of 1st period - Slapshot by Scott Mayfield.
18:39 of 1st period - Stopped by Thatcher Demko with a rebound.
18:46 of 1st period - Icing by Brayden Schenn.
18:47 of 1st period - Adam Henrique wins face-off versus Josh Doan in Avalanche zone.
18:49 of 1st period - Icing by Nino Niederreiter.
18:50 of 1st period - Josh Doan wins face-off versus Adam Henrique in Avalanche zone.
19:39 of 1st period - Slapshot by Pavel Dorofeyev.
19:39 of 1st period - Shot Misses the Net.
Goals for this period are 1 for Whalers vs 2 for Avalanche.
Shots for this period are 11 for Whalers vs 14 for Avalanche.
2nd period
0:01 of 2nd period - Adam Henrique wins face-off versus Jack McBain in neutral zone.
0:04 of 2nd period - Snap shot by Nino Niederreiter.
0:04 of 2nd period - Stopped by Jake Allen with a rebound.
0:10 of 2nd period - Wrist shot by David Perron.
0:10 of 2nd period - Stopped by Thatcher Demko with a rebound.
0:12 of 2nd period - Snap shot by David Perron.
0:12 of 2nd period - Goal by David Perron - Whalers : 2 - Avalanche : 2.
0:13 of 2nd period - Shane Pinto wins face-off versus Brayden Schenn in neutral zone.
0:38 of 2nd period - Pavel Dorofeyev is hit by Ivan Barbashev and loses puck.
0:53 of 2nd period - Vladislav Gavrikov is hit by Shane Pinto and loses puck.
1:18 of 2nd period - Snap shot by Brayden Point.
1:18 of 2nd period - Deflect By Shane Pinto.
1:18 of 2nd period - Stopped by Jake Allen with a rebound.
1:20 of 2nd period - Snap shot by Brayden Point.
1:20 of 2nd period - Shot Misses the Net.
1:22 of 2nd period - Snap shot by Quinton Byfield.
1:22 of 2nd period - Goal by Quinton Byfield - Whalers : 2 - Avalanche : 3.
1:23 of 2nd period - Adam Henrique wins face-off versus Jack McBain in neutral zone.
1:30 of 2nd period - Wrist shot by Adam Henrique.
1:30 of 2nd period - Stopped by Jake Allen with a rebound.
1:55 of 2nd period - Snap shot by Josh Doan.
1:55 of 2nd period - Stopped by Thatcher Demko with a rebound.
2:44 of 2nd period - Minor Penalty to Sean Walker for Hooking.
2:45 of 2nd period - John Beecher wins face-off versus Dmitri Voronkov in Whalers zone.
2:58 of 2nd period - Brayden Point is hit by Jack McBain and loses puck.
4:44 of 2nd period - Penalty to Sean Walker is over, Sean Walker is back on ice.
6:04 of 2nd period - Will Cuylle is hit by Max Pacioretty.
6:27 of 2nd period - Off-side.
6:28 of 2nd period - Collin Graf wins face-off versus Jason Dickinson in neutral zone.
6:33 of 2nd period - Ryan McDonagh is hit by Collin Graf and loses puck.
6:54 of 2nd period - Snap shot by Brayden Schenn.
6:54 of 2nd period - Shot Blocked by Jack McBain.
6:56 of 2nd period - Slapshot by Dmitri Voronkov.
6:56 of 2nd period - Shot Blocked by David Perron.
6:58 of 2nd period - Wrist shot by Sean Durzi.
6:58 of 2nd period - Deflect By Brayden Schenn.
6:58 of 2nd period - Shot Misses the Net.
6:58 of 2nd period - Puck is out of play.
6:59 of 2nd period - Brayden Schenn wins face-off versus Jack McBain in Whalers zone.
7:35 of 2nd period - Snap shot by Quinton Byfield.
7:35 of 2nd period - Shot Blocked by Pavel Dorofeyev.
7:37 of 2nd period - Slapshot by Sean Durzi.
7:37 of 2nd period - Stopped by Jake Allen with a rebound.
7:39 of 2nd period - Snap shot by Sean Durzi.
7:39 of 2nd period - Shot Blocked by Mackie Samoskevich.
7:53 of 2nd period - Wrist shot by Adam Edstrom.
7:53 of 2nd period - Stopped by Jake Allen with a rebound.
7:55 of 2nd period - Snap shot by Alexey Toropchenko.
7:55 of 2nd period - Shot Misses the Net.
8:12 of 2nd period - Off-side.
8:13 of 2nd period - Adam Henrique wins face-off versus John Beecher in neutral zone.
8:16 of 2nd period - Snap shot by Nino Niederreiter.
8:16 of 2nd period - Stopped by Jake Allen with a rebound.
8:18 of 2nd period - Snap shot by Gustav Forsling.
8:18 of 2nd period - Stopped by Jake Allen with a rebound.
8:24 of 2nd period - Wrist shot by Adam Henrique.
8:24 of 2nd period - Deflect By Anthony Beauvillier.
8:24 of 2nd period - Shot Misses the Net.
8:24 of 2nd period - Puck is out of play.
8:25 of 2nd period - Jack McBain wins face-off versus Brayden Schenn in Whalers zone.
8:25 of 2nd period - Jack McBain is hit by Brayden Schenn.
9:30 of 2nd period - Wrist shot by Oskar Sundqvist.
9:30 of 2nd period - Stopped by Thatcher Demko with a rebound.
9:32 of 2nd period - Slapshot by Collin Graf.
9:32 of 2nd period - Shot Blocked by Ryan McDonagh.
9:36 of 2nd period - Snap shot by Collin Graf.
9:36 of 2nd period - Stopped by Thatcher Demko with a rebound.
9:38 of 2nd period - Slapshot by Sean Walker.
9:38 of 2nd period - Deflect By Alexey Toropchenko.
9:38 of 2nd period - Stopped by Thatcher Demko with a rebound.
9:40 of 2nd period - Snap shot by Oskar Sundqvist.
9:40 of 2nd period - Goal by Oskar Sundqvist - Whalers : 3 - Avalanche : 3.
9:41 of 2nd period - Brayden Schenn wins face-off versus Jack McBain in neutral zone.
10:53 of 2nd period - Wrist shot by Oskar Sundqvist.
10:53 of 2nd period - Stopped by Thatcher Demko with a rebound.
10:55 of 2nd period - Snap shot by Oskar Sundqvist.
10:55 of 2nd period - Stopped by Thatcher Demko with a rebound.
10:57 of 2nd period - Slapshot by Scott Mayfield.
10:57 of 2nd period - Stopped by Thatcher Demko with a rebound.
10:59 of 2nd period - Wrist shot by Collin Graf.
10:59 of 2nd period - Stopped by Thatcher Demko with a rebound.
11:01 of 2nd period - Snap shot by Scott Mayfield.
11:01 of 2nd period - Shot Blocked by Quinton Byfield.
11:21 of 2nd period - Vladislav Gavrikov is hit by Justin Faulk and loses puck.
12:08 of 2nd period - Brayden Point is hit by Adam Gaudette.
13:07 of 2nd period - Wrist shot by Pavel Dorofeyev.
13:07 of 2nd period - Stopped by Thatcher Demko with a rebound.
13:09 of 2nd period - Snap shot by Shane Pinto.
13:09 of 2nd period - Deflect By Mackie Samoskevich.
13:09 of 2nd period - Stopped by Thatcher Demko without a rebound.
13:10 of 2nd period - Brayden Schenn wins face-off versus Josh Doan in Avalanche zone.
14:07 of 2nd period - Slapshot by Mackie Samoskevich.
14:07 of 2nd period - Shot Blocked by Gustav Forsling.
15:13 of 2nd period - Icing by Anthony Beauvillier.
15:14 of 2nd period - Adam Henrique wins face-off versus Shane Pinto in Avalanche zone.
16:06 of 2nd period - Snap shot by Oskar Sundqvist.
16:06 of 2nd period - Stopped by Thatcher Demko with a rebound.
16:08 of 2nd period - Wrist shot by Scott Mayfield.
16:08 of 2nd period - Shot Blocked by Quinton Byfield.
16:10 of 2nd period - Snap shot by Collin Graf.
16:10 of 2nd period - Shot Blocked by Brayden Point.
16:20 of 2nd period - Snap shot by Jason Dickinson.
16:20 of 2nd period - Stopped by Jake Allen without a rebound.
16:21 of 2nd period - Jason Dickinson wins face-off versus Josh Doan in Whalers zone.
16:46 of 2nd period - Ryan McDonagh is hit by Pavel Dorofeyev and loses puck.
16:51 of 2nd period - Snap shot by Mackie Samoskevich.
16:51 of 2nd period - Shot Misses the Net.
16:53 of 2nd period - Wrist shot by Pavel Dorofeyev.
16:53 of 2nd period - Stopped by Thatcher Demko with a rebound.
16:55 of 2nd period - Slapshot by Owen Power.
16:55 of 2nd period - Shot Blocked by Ryan McDonagh.
17:55 of 2nd period - Scott Mayfield is hit by Adam Edstrom and loses puck.
18:20 of 2nd period - Snap shot by Mackie Samoskevich.
18:20 of 2nd period - Shot Blocked by Samuel Girard.
18:22 of 2nd period - Snap shot by Scott Mayfield.
18:22 of 2nd period - Shot Misses the Net.
19:40 of 2nd period - Sean Durzi is hit by Simon Benoit and loses puck.
19:55 of 2nd period - Quinton Byfield is hit by Simon Benoit and loses puck.
Goals for this period are 2 for Whalers vs 1 for Avalanche.
Shots for this period are 15 for Whalers vs 9 for Avalanche.
3rd period
0:01 of 3rd period - Shane Pinto wins face-off versus Brayden Schenn in neutral zone.
0:18 of 3rd period - Pavel Dorofeyev is hit by Dmitri Voronkov and loses puck.
0:29 of 3rd period - Shane Pinto is hit by Nino Niederreiter.
0:39 of 3rd period - Wrist shot by Pavel Dorofeyev.
0:39 of 3rd period - Stopped by Thatcher Demko with a rebound.
0:59 of 3rd period - Wrist shot by David Perron.
0:59 of 3rd period - Shot Misses the Net.
1:17 of 3rd period - Snap shot by Adam Edstrom.
1:17 of 3rd period - Deflect By Max Pacioretty.
1:17 of 3rd period - Stopped by Jake Allen without a rebound.
1:18 of 3rd period - Jason Dickinson wins face-off versus Josh Doan in Whalers zone.
2:01 of 3rd period - Slapshot by Josh Doan.
2:01 of 3rd period - Shot Blocked by Matt Roy.
2:03 of 3rd period - Slapshot by Simon Benoit.
2:03 of 3rd period - Shot Misses the Net.
2:05 of 3rd period - Slapshot by Adam Gaudette.
2:05 of 3rd period - Shot Misses the Net.
2:07 of 3rd period - Slapshot by Justin Faulk.
2:07 of 3rd period - Shot Misses the Net.
2:09 of 3rd period - Slapshot by Simon Benoit.
2:09 of 3rd period - Shot Blocked by Jason Dickinson.
2:11 of 3rd period - Slapshot by Max Pacioretty.
2:11 of 3rd period - Stopped by Thatcher Demko with a rebound.
2:13 of 3rd period - Slapshot by Max Pacioretty.
2:13 of 3rd period - Deflect By Adam Gaudette.
2:13 of 3rd period - Goal by Adam Gaudette - Whalers : 4 - Avalanche : 3.
2:14 of 3rd period - Brayden Schenn wins face-off versus Jack McBain in neutral zone.
2:17 of 3rd period - David Perron is hit by Will Cuylle.
2:29 of 3rd period - Wrist shot by Dmitri Voronkov.
2:29 of 3rd period - Shot Blocked by Adam Pelech.
2:49 of 3rd period - Slapshot by Quinton Byfield.
2:49 of 3rd period - Stopped by Jake Allen without a rebound.
2:50 of 3rd period - Adam Henrique wins face-off versus Shane Pinto in Whalers zone.
2:55 of 3rd period - Wrist shot by Nino Niederreiter.
2:55 of 3rd period - Shot Misses the Net.
3:15 of 3rd period - Ryan McDonagh is hit by Sean Walker and loses puck.
4:19 of 3rd period - Snap shot by Vladimir Tarasenko.
4:19 of 3rd period - Stopped by Thatcher Demko with a rebound.
4:21 of 3rd period - Slapshot by Vladimir Tarasenko.
4:21 of 3rd period - Goal by Vladimir Tarasenko - Whalers : 5 - Avalanche : 3.
4:22 of 3rd period - Brayden Schenn wins face-off versus Shane Pinto in neutral zone.
4:25 of 3rd period - Wrist shot by Will Cuylle.
4:25 of 3rd period - Shot Misses the Net.
5:15 of 3rd period - Icing by Quinton Byfield.
5:16 of 3rd period - Shane Pinto wins face-off versus Ivan Barbashev in Avalanche zone.
5:17 of 3rd period - Wrist shot by Pavel Dorofeyev.
5:17 of 3rd period - Deflect By Brayden Point.
5:17 of 3rd period - Stopped by Thatcher Demko without a rebound.
5:18 of 3rd period - Brayden Schenn wins face-off versus Shane Pinto in Avalanche zone.
5:24 of 3rd period - Minor Penalty to Simon Benoit for Elbowing.
5:25 of 3rd period - Brayden Point wins face-off versus Jack McBain in Whalers zone.
6:23 of 3rd period - Icing by Dmitri Voronkov.
6:24 of 3rd period - Jack McBain wins face-off versus Will Cuylle in Avalanche zone.
6:48 of 3rd period - Snap shot by Ivan Barbashev.
6:48 of 3rd period - Stopped by Jake Allen with a rebound.
7:24 of 3rd period - Penalty to Simon Benoit is over, Simon Benoit is back on ice.
7:30 of 3rd period - Slapshot by Simon Benoit.
7:30 of 3rd period - Shot Blocked by Adam Henrique.
7:32 of 3rd period - Minor Penalty to Nino Niederreiter for Cross-checking.
7:33 of 3rd period - Jason Dickinson wins face-off versus Shane Pinto in Avalanche zone.
9:32 of 3rd period - Penalty to Nino Niederreiter is over, Nino Niederreiter is back on ice.
10:13 of 3rd period - Snap shot by John Beecher.
10:13 of 3rd period - Shot Misses the Net.
11:23 of 3rd period - Quinton Byfield is hit by Owen Power and loses puck.
12:09 of 3rd period - Snap shot by Nino Niederreiter.
12:09 of 3rd period - Stopped by Jake Allen without a rebound.
12:10 of 3rd period - Shane Pinto wins face-off versus Adam Henrique in Whalers zone.
12:53 of 3rd period - Slapshot by Quinton Byfield.
12:53 of 3rd period - Stopped by Jake Allen with a rebound.
13:05 of 3rd period - Snap shot by Will Cuylle.
13:05 of 3rd period - Stopped by Jake Allen with a rebound.
13:11 of 3rd period - Slapshot by Will Cuylle.
13:11 of 3rd period - Stopped by Jake Allen with a rebound.
13:13 of 3rd period - Slapshot by Gustav Forsling.
13:13 of 3rd period - Shot Misses the Net.
13:15 of 3rd period - Slapshot by Dmitri Voronkov.
13:15 of 3rd period - Stopped by Jake Allen with a rebound.
13:22 of 3rd period - Icing by Owen Power.
13:23 of 3rd period - Jason Dickinson wins face-off versus Josh Doan in Whalers zone.
13:59 of 3rd period - Off-side.
14:00 of 3rd period - Shane Pinto wins face-off versus Adam Henrique in neutral zone.
14:12 of 3rd period - Slapshot by Mackie Samoskevich.
14:12 of 3rd period - Shot Misses the Net.
14:14 of 3rd period - Snap shot by Justin Faulk.
14:14 of 3rd period - Shot Misses the Net.
14:16 of 3rd period - Wrist shot by Pavel Dorofeyev.
14:16 of 3rd period - Shot Misses the Net.
15:13 of 3rd period - Snap shot by Pavel Dorofeyev.
15:13 of 3rd period - Shot Misses the Net.
15:15 of 3rd period - Slapshot by Scott Mayfield.
15:15 of 3rd period - Stopped by Thatcher Demko without a rebound.
15:16 of 3rd period - Adam Henrique wins face-off versus Josh Doan in Avalanche zone.
15:23 of 3rd period - Snap shot by Josh Doan.
15:23 of 3rd period - Shot Misses the Net.
15:25 of 3rd period - Backhand shot by Josh Doan.
15:25 of 3rd period - Stopped by Thatcher Demko without a rebound.
15:26 of 3rd period - Josh Doan wins face-off versus Adam Henrique in Avalanche zone.
15:35 of 3rd period - Snap shot by Max Pacioretty.
15:35 of 3rd period - Stopped by Thatcher Demko with a rebound.
15:37 of 3rd period - Snap shot by Max Pacioretty.
15:37 of 3rd period - Shot Misses the Net.
15:45 of 3rd period - Snap shot by Josh Doan.
15:45 of 3rd period - Shot Blocked by Adam Henrique.
16:01 of 3rd period - Snap shot by Adam Henrique.
16:01 of 3rd period - Shot Misses the Net.
16:03 of 3rd period - Minor Penalty to Max Pacioretty for Tripping.
16:04 of 3rd period - Jack McBain wins face-off versus Brayden Point in Whalers zone.
16:19 of 3rd period - Wrist shot by Brayden Point.
16:19 of 3rd period - Shot Blocked by Simon Benoit.
16:21 of 3rd period - Snap shot by Ivan Barbashev.
16:21 of 3rd period - Deflect By John Beecher.
16:21 of 3rd period - Stopped by Jake Allen without a rebound.
16:22 of 3rd period - Jack McBain wins face-off versus Brayden Schenn in Whalers zone.
16:31 of 3rd period - Wrist shot by Quinton Byfield.
16:31 of 3rd period - Stopped by Jake Allen without a rebound.
16:32 of 3rd period - John Beecher wins face-off versus Brayden Schenn in Whalers zone.
16:43 of 3rd period - Slapshot by Gustav Forsling.
16:43 of 3rd period - Shot Blocked by Scott Mayfield.
16:45 of 3rd period - Slapshot by Ryan McDonagh.
16:45 of 3rd period - Shot Misses the Net.
16:47 of 3rd period - Slapshot by Gustav Forsling.
16:47 of 3rd period - Stopped by Jake Allen with a rebound.
16:49 of 3rd period - Wrist shot by Will Cuylle.
16:49 of 3rd period - Stopped by Jake Allen without a rebound.
16:50 of 3rd period - John Beecher wins face-off versus Brayden Point in Whalers zone.
18:03 of 3rd period - Penalty to Max Pacioretty is over, Max Pacioretty is back on ice.
18:12 of 3rd period - Icing by Anthony Beauvillier.
18:13 of 3rd period - Adam Henrique wins face-off versus Shane Pinto in Avalanche zone.
18:13 of 3rd period - Adam Henrique is hit by Sean Walker.
18:28 of 3rd period - Off-side.
18:29 of 3rd period - Josh Doan wins face-off versus Brayden Point in neutral zone.
18:32 of 3rd period - Slapshot by Sean Walker.
18:32 of 3rd period - Shot Misses the Net.
18:42 of 3rd period - Snap shot by Brayden Point.
18:42 of 3rd period - Shot Misses the Net.
18:44 of 3rd period - Wrist shot by Quinton Byfield.
18:44 of 3rd period - Shot Misses the Net.
Goals for this period are 2 for Whalers vs 0 for Avalanche.
Shots for this period are 9 for Whalers vs 12 for Avalanche.